 Dungeon Sprint DCSS version 0.29-a0-337-g68df138881 (webtiles) character file.

Game seed: 3836633591652065353

6697 mhtbhm the Severer (level 10, -19/156 HPs)
             Began as a Minotaur Fighter on Apr 16, 2022.
             Was an Initiate of Gozag.
             Demolished by Frances
             ... wielding a +2 war axe of holy wrath
              (25 damage)
             ... in the Dungeon (Sprint III: "The Ten Rune Challenge").
             The game lasted 00:06:33 (2923 turns).

mhtbhm the Severer (Minotaur Fighter)               Turns: 2923, Time: 00:06:33

Health: -19/156    AC: 12    Str: 23    XL:     10   Next: 74%
Magic:  9/9        EV: 12    Int:  5    God:    Gozag
Gold:   3950       SH:  6    Dex: 10    Spells: 9/9 levels left

rFire   . . .      SeeInvis .   (no weapon)
rCold   . . .      Faith    .   c - +0 buckler
rNeg    . . .      Spirit   .   b - +0 scale mail
rPois   .          Reflect  .   (helmet restricted)
rElec   .          Harm     .   (no cloak)
rCorr   .          Rampage  .   (no gloves)
Will    .....      Clarity  +   (no boots)
Stlth   .......... NoTele   +   (no amulet)
HPRegen 0.36/turn               (no ring)
MPRegen 0.11/turn               (no ring)

@: mighty, berserking, very quick
A: horns 2, retaliatory headbutt, iridescent scales 1, clarity, weak 1
a: Renounce Religion, Potion Petition, Call Merchant, Bribe Branch


You were in the Dungeon.
You worshipped Gozag.
Gozag was most pleased with you.
You visited 1 branch You collected 5360 gold pieces.
You spent 503 gold pieces at shops.
You paid 907 gold pieces to Gozag.

Inventory:

Hand Weapons
 a - a +2 vorpal battleaxe
Armour
 b - a +0 scale mail (worn)
 c - a +0 buckler (worn)
Scrolls
 j - 3 scrolls of blinking
 l - 4 scrolls of holy word
 m - 2 scrolls of identify
Potions
 e - a potion of curing
 f - 2 potions of heal wounds
 g - a potion of haste
 h - 3 potions of magic
 k - 2 potions of mutation
 n - 2 potions of flight
Miscellaneous
 o - a phantom mirror (inert)


   Skills:
 + Level 14.7 Fighting
 + Level 17.7 Axes
 + Level 15.3 Armour
 + Level 7.4 Dodging
 + Level 2.3 Stealth
 + Level 12.0 Shields
 + Level 2.7 Evocations


You had 9 spell levels left.
You didn't know any spells.
Your spell library contained the following spells:

 Spells                   Type           Power      Damage    Failure   Level
 Freeze                   Ice            0%         1d3       77%         1
 Frozen Ramparts          Ice            0%         1d2       98%         3
 Hailstorm                Conj/Ice       0%         3d3       100%        4


Dungeon Overview and Level Annotations

Branches:
Dungeon (1/1)

Altars:
Cheibriados
Dithmenos
Elyvilon
Fedhas
Gozag
Hepliaklqana
Kikubaaqudgha
Makhleb
Nemelex Xobeh
Okawaru
Qazlal
Ru
Sif Muna
Trog
Uskayaw
Vehumet
Wu Jian
Xom
Yredelemnul
Zin
The Shining One
Beogh
Jiyva
Lugonu

Shops:
D ?(

Annotations:
D Donald, Frances


Innate Abilities, Weirdness & Mutations

You have a pair of horns on your head.
You reflexively headbutt those who attack you in melee.
You are partially covered in iridescent scales. (AC +2)
You possess an exceptional clarity of mind.
You are weak. (Str -2)


Message History

The hellwing hits you but does no damage.
The hellwing hits you!
* * * LOW HITPOINT WARNING * * *
The hellwing completely misses you. Donald misses you. You furiously retaliate!
You headbutt Donald.
Frances hits you with a +2 war axe of holy wrath!
* * * LOW HITPOINT WARNING * * *
Unknown command.
Unknown command.
You hit Donald but do no damage.
Donald is severely wounded.
You block Donald's attack.
The hellwing hits you but does no damage.
The hellwing hits you.
* * * LOW HITPOINT WARNING * * *
The hellwing hits you but does no damage.
The hellwing misses you.
Unknown command.
You punch Frances! You headbutt Frances!
Frances is heavily wounded.
Donald misses you. Frances completely misses you. You furiously retaliate!
You headbutt Frances!!
Unknown command.
Press: ? - help, v - describe, . - travel
Here: Donald, wielding a +1 war axe of holy wrath, wearing a +0 scale mail and wearing a +0 kite shield of reflection (severely wounded, fast, strong)
The floor, spattered with blood.
Unknown command.
Unknown command.
Donald blocks your attack.
Donald is severely wounded.
The hellwing hits you.
* * * LOW HITPOINT WARNING * * *
You block the hellwing's attack. The hellwing hits you!
* * * LOW HITPOINT WARNING * * *
The hellwing hits you.
* * * LOW HITPOINT WARNING * * *
You block Donald's attack.
Frances hits you with a +2 war axe of holy wrath!!
You die...
Your body crumbles into a pile of gold.

#[§≈§§'.#.).∩.'.#.#.#.+
$
#.#§§≈#.#.#.).##.#.#.##
'.#§§§#.#.#)..#.#.#.#.#
#.#§§§#...#...##.#.#.#
▓▓▓▓▓▓▓▓▓▓▓▓▓▓#.#.#.#
........≈≈≈...##.#.#.#
≈≈≈≈≈≈≈≈≈≈♣♣..'.#.#.#.#
♣♣♣♣♣♣♣♣♣♣♣♣..##4#.#.##
♣♣♣##@##### #4@@+
$$#...# $$#...# ##### $


You could see Frances, Donald (fast, strong) and 2 hellwings.

Vanquished Creatures
  A centaur warrior (D)
  A deep elf pyromancer (D)
  2 orc sorcerers (D)
  An unseen horror (D)
  2 cane toads (D)
  A rime drake (D)
  A komodo dragon (D)
  5 blink frogs (D)
  A shadow (D)
  3 wandering mushrooms (D)
  A spatial vortex (D)
  An orc warrior (D)
  A swamp drake (D)
  2 centaurs (D)
  An earth elemental (D)
  A water elemental (D)
  A necrophage (D)
  A scorpion (D)
  A jelly (D)
  Jessica (D)
  A necromancer (D)
  A wizard (D)
  3 orc wizards (D)
  A human (D)
  A kobold demonologist (D)
  10 orcs (D)
  3 rats (D)
49 creatures vanquished.

Vanquished Creatures (collateral kills)
  Snorg (D)
  2 humans (D)
  2 orcs (D)
5 creatures vanquished.

Vanquished Creatures (others)
  3 plants (D)
3 creatures vanquished.

Grand Total: 57 creatures vanquished

Notes
Turn   | Place    | Note
-------+----------+-------------------------------------------
     0 | D        | mhtbhm the Minotaur Fighter began the quest for the Orb.
     0 | D        | Reached XP level 1. HP: 19/19 MP: 0/0
    10 | D        | Noticed Jessica
    18 | D        | Killed Jessica
    19 | D        | Reached skill level 5 in Fighting
    19 | D        | Reached skill level 3 in Axes
    19 | D        | Reached skill level 5 in Armour
    19 | D        | Reached skill level 5 in Shields
    19 | D        | Reached XP level 2. HP: 10/29 MP: 1/1
   295 | D        | Reached XP level 3. HP: 31/37 MP: 2/2
   342 | D        | Noticed a scorpion
   347 | D        | Killed a scorpion
   348 | D        | Reached skill level 5 in Axes
   348 | D        | Reached skill level 1 in Dodging
   348 | D        | Reached XP level 4. HP: 45/45 MP: 3/3
   366 | D        | Gained mutation: You have hidden genetic potential. [potion
                  | of mutation]
   366 | D        | Gained mutation: You are weak. (Str -2) [potion of
                  | mutation]
   385 | D        | Noticed a water elemental
   394 | D        | Killed a water elemental
   395 | D        | Reached skill level 6 in Axes
   395 | D        | Reached XP level 5. HP: 34/52 MP: 4/4
   506 | D        | Found a basalt altar of Yredelemnul.
   506 | D        | Found a shadowy altar of Dithmenos.
   506 | D        | Found a sacrificial altar of Ru.
   517 | D        | Reached skill level 7 in Axes
   522 | D        | Gained mutation: You possess an exceptional clarity of
                  | mind. [hidden potential]
   539 | D        | Found a radiant altar of Vehumet.
   539 | D        | Found a shimmering blue altar of Sif Muna.
   539 | D        | Found an ancient bone altar of Kikubaaqudgha.
   546 | D        | Reached XP level 6. HP: 56/61 MP: 5/5
   547 | D        | Reached skill level 8 in Axes
   638 | D        | Noticed a shadow
   643 | D        | Killed a shadow
   644 | D        | Reached skill level 9 in Axes
   647 | D        | Gained mutation: You are partially covered in iridescent
                  | scales. (AC +2) [hidden potential]
   647 | D        | Lost mutation: You have hidden genetic potential. [hidden
                  | potential expressed]
   679 | D        | Found a blossoming altar of Fedhas.
   679 | D        | Found a stormy altar of Qazlal.
   679 | D        | Found a snail-covered altar of Cheibriados.
   679 | D        | Found a burning altar of Makhleb.
   679 | D        | Found a shimmering altar of Xom.
   680 | D        | Found a hazy altar of Hepliaklqana.
   680 | D        | Found an opulent altar of Gozag.
   680 | D        | Found a sparkling altar of Nemelex Xobeh.
   680 | D        | Found a corrupted altar of Lugonu.
   680 | D        | Found a viscous altar of Jiyva.
   680 | D        | Noticed a spatial vortex
   693 | D        | Killed a spatial vortex
   694 | D        | Reached skill level 10 in Axes
   694 | D        | Reached XP level 7. HP: 20/70 MP: 6/6
   705 | D        | Became a worshipper of Gozag Ym Sagoz the Greedy
   948 | D        | Found a glowing silver altar of Zin.
   948 | D        | Found a glowing golden altar of the Shining One.
   948 | D        | Found a white marble altar of Elyvilon.
   948 | D        | Noticed a deep elf pyromancer
   954 | D        | Killed a deep elf pyromancer
   955 | D        | Reached skill level 10 in Fighting
   955 | D        | Reached skill level 12 in Axes
   955 | D        | Reached skill level 10 in Armour
  1068 | D        | Found a hide-covered altar of Uskayaw.
  1068 | D        | Found an iron altar of Okawaru.
  1068 | D        | Found a bloodstained altar of Trog.
  1068 | D        | Found an ornate altar of the Wu Jian Council.
  1068 | D        | Noticed a human
  1069 | D        | Noticed a human
  1078 | D        | Killed a human
  1079 | D        | Reached skill level 5 in Dodging
  1079 | D        | Reached XP level 8. HP: 50/80 MP: 7/7
  1081 | D        | Reached skill level 13 in Axes
  1267 | D        | Noticed Snorg
  1284 | D        | Killed Snorg
  1285 | D        | Reached skill level 14 in Axes
  1285 | D        | Reached skill level 1 in Stealth
  1285 | D        | Reached skill level 1 in Evocations
  1562 | D        | Reached XP level 9. HP: 38/89 MP: 8/8
  1775 | D        | Noticed a centaur warrior
  1785 | D        | Killed a centaur warrior
  1786 | D        | Reached skill level 15 in Axes
  1786 | D        | Reached skill level 10 in Shields
  1945 | D        | Killed an unseen horror
  1946 | D        | Reached skill level 16 in Axes
  2100 | D        | Noticed a wandering mushroom
  2105 | D        | Noticed a wandering mushroom
  2107 | D        | Noticed a wandering mushroom
  2132 | D        | Killed a wandering mushroom
  2174 | D        | Noticed a cane toad
  2174 | D        | Noticed a komodo dragon
  2174 | D        | Noticed a cane toad
  2186 | D        | Killed a cane toad
  2190 | D        | Killed a komodo dragon
  2191 | D        | Reached XP level 10. HP: 86/101 MP: 9/9
  2195 | D        | Killed a cane toad
  2380 | D        | Reached skill level 17 in Axes
  2758 | D        | Noticed an orc sorcerer
  2759 | D        | Paralysed by an orc sorcerer for 6 turns
  2770 | D        | Noticed an orc sorcerer
  2771 | D        | Killed an orc sorcerer
  2772 | D        | Reached skill level 15 in Armour
  2779 | D        | Found Bamn's Magic Scroll Boutique.
  2781 | D        | Killed an orc sorcerer
  2869 | D        | Bought a scroll of blinking for 90 gold pieces
  2869 | D        | Bought a scroll of blinking for 90 gold pieces
  2902 | D        | Bought a glowing battleaxe for 323 gold pieces
  2912 | D        | Noticed Donald
  2912 | D        | Noticed Frances
  2923 | D        | HP: 6/156 [hellwing[Frances] (2)]
  2923 | D        | Demolished by Frances

Illustrated notes

Levels and vault maps discovered:
D:        dungeon_sprint_mu [sprint_mu_entry_forest, sprint_mu_temple_rooms,
          sprint_mu_d1_horrors, sprint_mu_d2_genie, sprint_mu_d3_branching,
          sprint_mu_orc_legion, sprint_mu_elf_gauntlet, sprint_mu_hive_nellie,
          sprint_mu_lair_fedhas, sprint_mu_vaults_butterflies,
          sprint_mu_slime_circle, sprint_mu_shoals_archi,
          sprint_mu_snake_twists, sprint_mu_blade_basic,
          sprint_mu_crypt_chambers, sprint_mu_tomb_spiral,
          sprint_mu_vestibule_basic, sprint_mu_gehenna_hellfire,
          sprint_mu_dis_giant, sprint_mu_tartarus_statrot,
          sprint_mu_cocytus_islands, sprint_mu_zot1]

Skill      XL: |  1  2  3  4  5  6  7  8  9 10 |
---------------+-------------------------------+-----
Fighting       | 5 6 7 8 9 10 11 13 14 | 14.7
Armour         | 5 6 7 8 9 10 11 13 15 | 15.3
Shields        | 5 6 7 8 9 10 12 | 12.0
Axes           | 3 5 6 7 10 12 14 16 17 | 17.7
Dodging        | 1 2 3 5 6 7 |  7.4
Stealth        | 1 2 |  2.3
Evocations     | 1 2 |  2.7

Action                   |  1- 3 |  4- 6 |  7- 9 | 10-12 || total
-------------------------+-------+-------+-------+-------++-------
Melee: War axe           |    22 |    38 |    78 |    58 ||   196
       Headbutt          |     3 |     5 |    23 |    16 ||    47
       Unarmed           |       |       |       |     7 ||     7
Invok: Potion Petition   |       |       |     1 |       ||     1
       Call Merchant     |       |       |       |     1 ||     1
Evoke: Phantom mirror    |       |       |     4 |     2 ||     6
  Use: Potion            |       |     1 |       |     3 ||     4
       Scroll            |       |       |       |     1 ||     1
Armor: Scale mail        |     6 |    10 |    25 |    24 ||    65
Dodge: Dodged            |    10 |    15 |    32 |    31 ||    88
Block: Buckler           |     7 |     7 |    24 |    21 ||    59

Table legend: (Time is in decaauts)
 A = Elapsed time spent in this place.
 B = Non-inter-level travel time spent in this place.
 C = Inter-level travel time spent in this place.
 D = Time resting spent in this place.
 E = Time spent auto-exploring this place.
 F = Levels seen in this place.
 G = Mean time per level.
                   A        B        C        D        E       F      G
               +--------+--------+--------+--------+--------+-----+--------+
         Total |   2935 |   2935 |      0 |   2100 |      5 |   1 | 2935.0 |
       Dungeon |   2935 |   2935 |      0 |   2100 |      5 |   1 | 2935.0 |
               +--------+--------+--------+--------+--------+-----+--------+

Top non-repeatable levels by time:
       D: 2935 daAuts
